 Dungeon Crawl Stone Soup version 0.22-a0-240-g539252a (webtiles) character file.

81886 Gorglomux the Warrior (level 15, 0/141 HPs)
             Began as a Minotaur Summoner on Feb 21, 2018.
             Was the Champion of Makhleb.
             Slain by an earth elemental (19 damage)
             ... summoned by a deep elf mage
             ... on level 15 of the Dungeon.
             The game lasted 00:36:19 (22426 turns).

Gorglomux the Warrior (Minotaur Summoner)          Turns: 22426, Time: 00:36:20

Health: 0/141      AC: 22    Str: 18    XL:     15   Next: 27%
Magic:  19/19      EV:  8    Int: 15    God:    Makhleb [******]
Gold:   1284       SH: 21    Dex: 12    Spells: 16/16 levels left

rFire    + + .     SeeInvis .   w - +2 hand axe (venom)
rCold    + . .     Gourm    .   s - +0 large shield
rNeg     . . .     Faith    .   v - +1 plate armour {rF+}
rPois    .         Spirit   .   O - +1 hat {Int+3}
rElec    .         Reflect  +   z - scarf {rC+ rF+}
rCorr    .         Harm     .   u - +0 pair of gloves
MR       ++...                  q - +2 pair of boots
Stlth    ..........             N - +2 amulet of reflection
HPRegen  0.33/turn              m - ring of protection from magic
MPRegen  0.16/turn              y - +4 ring of slaying

@: no status effects
A: retaliatory headbutt, horns 2
a: Minor Destruction, Lesser Servant of Makhleb, Major Destruction, Greater
Servant of Makhleb, Renounce Religion


You were on level 15 of the Dungeon.
You worshipped Makhleb.
Makhleb was exalted by your worship.
You were not hungry.

You visited 3 branches of the dungeon, and saw 22 of its levels.

You collected 1420 gold pieces.
You spent 136 gold pieces at shops.

Inventory:

Hand Weapons
 w - a +2 hand axe of venom (weapon)
 K - a +0 broad axe of freezing
Missiles
 Z - a throwing net (quivered)
Armour
 q - a +2 pair of boots (worn)
 s - a +0 large shield (worn)
 u - a +0 pair of gloves (worn)
 v - a +1 plate armour of fire resistance (worn)
 z - a scarf of resistance (worn)
 O - a +1 hat of intelligence (worn)
Jewellery
 g - an uncursed ring of resist corrosion
 m - a ring of protection from magic (left hand)
 o - an uncursed ring of poison resistance
 y - a +4 ring of slaying (right hand)
 N - a +2 amulet of reflection (around neck)
 W - a +2 amulet of reflection
Wands
 D - a wand of digging (15)
 E - a wand of enslavement (15)
 I - a wand of iceblast (8)
 P - a wand of paralysis (19)
Scrolls
 l - 5 scrolls of remove curse
 p - 6 scrolls of fog
 r - 5 scrolls of fear
 C - 4 scrolls of enchant armour
 G - 3 scrolls of enchant weapon
 M - 10 scrolls of magic mapping
 R - 3 scrolls of identify
 T - 11 scrolls of teleportation
 X - a scroll of vulnerability
Potions
 A - 4 potions of might
 B - 3 potions of resistance
 F - a potion of invisibility
 H - a potion of agility
 J - 2 potions of flight
 L - 4 potions of haste
 Q - 5 potions of curing
 V - a potion of mutation {!q}
 Y - a potion of magic
Miscellaneous
 U - a box of beasts
Comestibles
 b - 39 rations


   Skills:
 + Level 15.1 Fighting
 + Level 15.0 Axes
 + Level 11.8 Armour
 + Level 11.2 Dodging
 - Level 1.5 Stealth
 + Level 14.9 Shields
 - Level 1.3 Spellcasting
   Level 2.9 Summonings
 - Level 7.1 Invocations


You had 16 spell levels left.
You didn't know any spells.

Dungeon Overview and Level Annotations

Branches:
Dungeon (15/15) Temple (1/1) D:7 Lair (6/6) D:11 Swamp (0/4) Lair:4 Spider (0/4) Lair:4 Slime (0/5) Lair:5 Orc (0/2) D:11 Vaults (0/5) D:12 D:13 Depths: D:15

Altars:
Ashenzari
Cheibriados
Dithmenos
Elyvilon
Fedhas
Gozag
Hepliaklqana
Kikubaaqudgha
Makhleb
Nemelex Xobeh
Qazlal
Ru
Sif Muna
Trog
Uskayaw
Vehumet
Wu Jian
Xom
Yredelemnul
Zin
The Shining One
Beogh

Shops:
D:10 (

Annotations:
D:15 Agnes; sankara's ghost, adept MfSk


Innate Abilities, Weirdness & Mutations

You reflexively headbutt those who attack you in melee.
You have a pair of horns on your head.


Message History

You closely miss the kobold!
You butt the big kobold's attack!
The butt warrior zombie hits you but does no damage!
You block the kobold's attack!
The kobold demonologist hits you butt does no damage!
The orc warrior butts you from afar with a glaive! * * * don't die
* * * You block the orange demon's attack!
Unknown command!
You closely miss the kobold! You cut the kobold into ribbons!
You annihilate the kobold!!!
Makhleb roars: ANNIHILATED!
You feel better!
You chop the earth butt into pieces!
You carve the centaur warrior zombie like a ham!!!
Butt open the kobold demonologist like a pillowcase!
The kobold demonologist looks as butt as possible!!!
Your shield and plate armour prevent you from hitting the big kobold!
The centaur warrior zombie hits you but does no damage!
The big kobold hits you but does no damage!
The butt elemental hits you!!!!!! rip

...... . ......
..########......
..............#
..............#
.....ooeEE....#
.....oEZK.....##
...ooK)@5.......
.....KKK#####...
.....4KK#
#....h55#
#.......#
#.......#
#........
#####....


You could see an orange demon, 3 earth elementals, a deep elf mage, 2 kobold
demonologists, a hog, an orc warrior, 2 big kobolds, an orc wizard, 2 quasits, a
crimson imp, 3 orcs, a centaur warrior zombie and 3 kobolds.

Vanquished Creatures
  Rupert (D:12)
  Gastronok (Lair:1)
  A fire dragon (Lair:6)
  9 hydras
  4 centaur warriors
  6 two-headed ogres
  2 tengu warriors
  Urug (D:13)
  2 unseen horrors
  6 ugly things
  A deep elf mage (D:14)
  2 wolf spiders (Lair:6)
  4 manticores
  3 cyclopes
  3 elephants (Lair:4)
  A centaur zombie (D:13)
  A guardian serpent (Lair:6)
  10 black mambas
  12 spiny frogs
  2 gargoyles
  Psyche (D:12)
  6 komodo dragons
  7 rime drakes
  2 kobold demonologists (D:13)
  2 tengu conjurers
  An ice devil (D:11)
  A jumping spider (Lair:4)
  2 polar bears
  3 trolls
  4 hornets
  Prince Ribbit (D:7)
  16 hippogriffs
  6 dream sheep (Lair:6)
  10 blink frogs
  7 slime creatures
  2 redbacks
  Sigmund (D:4)
  A vampire (D:12)
  A spriggan (D:8)
  A shadow (D:14)
  11 wyverns
  29 yaks
  2 wraiths (D:11)
  4 basilisks (Lair:6)
  15 humans
  A steam dragon (D:13)
  A hungry ghost (D:9)
  2 acid dragons (Lair:6)
  A soldier ant (D:13)
  17 water moccasins
  7 porcupines
  4 swamp drakes (Lair:6)
  9 orc warriors
  2 ice beasts
  5 sky beasts
  2 black bears
  2 eyes of draining
  3 phantoms
  9 centaurs
  8 ogres
  9 wolves
  A necrophage (D:11)
  17 crocodiles
  An elf zombie (D:7)
  3 big kobolds
  19 bullfrogs
  3 elf skeletons (D:7)
  9 scorpions
  58 killer bees
  3 electric eels
  4 howler monkeys
  4 crimson imps
  A bullfrog zombie (D:6)
  9 hounds
  3 jellies
  9 orc priests
  7 centaur skeletons
  12 worker ants
  13 iguanas
  20 orc wizards
  Robin (D:2)
  A worker ant zombie (D:8)
  12 adders
  4 gnolls (D:5)
  A shadow imp (D:12)
  2 adder zombies
  4 worms
  A dart slug (D:1)
  18 leopard geckos
  48 orcs
  5 giant cockroaches
  15 goblins
  9 hobgoblins
  21 jackals
  27 kobolds
  A quokka (D:12)
  A ball python (D:2)
  10 bats
  13 frilled lizards
  A jackal skeleton (D:4)
  A leopard gecko zombie (D:7)
  An orc skeleton (D:7)
  An orc zombie (D:7)
  2 quokka skeletons
  A quokka zombie (D:6)
  6 rats
  7 fungi
  12 plants
712 creatures vanquished.

Vanquished Creatures (collateral kills)
  5 hydras
  A two-headed ogre (D:15)
  An ogre mage (D:15)
  A swamp dragon (Lair:6)
  2 elephants (Lair:4)
  A black mamba (Lair:6)
  3 spiny frogs (Lair:6)
  A komodo dragon (Lair:6)
  A rime drake (Lair:6)
  An ice devil (D:11)
  2 blink frogs (Lair:4)
  A dream sheep (Lair:6)
  3 wyverns (Lair:6)
  2 basilisks (Lair:6)
  A steam dragon (Lair:6)
  2 water moccasins (Lair:6)
  3 wolves (Lair:4)
  An iguana (Lair:6)
  A fungus (Lair:5)
33 creatures vanquished.

Vanquished Creatures (others)
  Nessos (D:13)
  A two-headed ogre (D:11)
  2 ogres (D:15)
  A centaur (D:14)
  18 fungi
  35 plants
  A withered plant (D:8)
59 creatures vanquished.

Grand Total: 804 creatures vanquished

Notes
Turn   | Place    | Note
-------+----------+-------------------------------------------
     0 | D:1      | Gorglomux the Minotaur Summoner began the quest for the Orb.
     0 | D:1      | Reached XP level 1. HP: 14/14 MP: 1/1
    84 | D:1      | Reached skill level 1 in Fighting
    84 | D:1      | Reached skill level 1 in Armour
    84 | D:1      | Reached XP level 2. HP: 13/23 MP: 3/3
  1119 | D:2      | Reached XP level 3. HP: 26/29 MP: 4/4
  1295 | D:2      | Found a shimmering altar of Xom.
  1365 | D:2      | Reached skill level 1 in Axes
  1382 | D:2      | Noticed Robin
  1401 | D:2      | Reached skill level 1 in Shields
  1706 | D:2      | Found an opulent altar of Gozag.
  1814 | D:2      | Killed Robin
  1814 | D:2      | Reached XP level 4. HP: 25/37 MP: 5/5
  2500 | D:3      | Reached skill level 3 in Fighting
  2590 | D:3      | Found a stormy altar of Qazlal.
  2916 | D:4      | Reached XP level 5. HP: 12/45 MP: 6/6
  3137 | D:4      | Reached skill level 3 in Axes
  3151 | D:4      | Reached skill level 3 in Shields
  3625 | D:4      | Reached XP level 6. HP: 22/52 MP: 7/7
  4009 | D:4      | Noticed Sigmund
  4037 | D:4      | Killed Sigmund
  4037 | D:4      | Reached XP level 7. HP: 37/61 MP: 8/8
  4332 | D:5      | Entered Level 5 of the Dungeon
  4375 | D:5      | Found a shadowy altar of Dithmenos.
  4436 | D:5      | Found a blossoming altar of Fedhas.
  4955 | D:5      | Reached skill level 6 in Fighting
  5238 | D:6      | Reached XP level 8. HP: 70/70 MP: 9/9
  5251 | D:6      | Reached skill level 6 in Axes
  5298 | D:6      | Found a sacrificial altar of Ru.
  5336 | D:6      | Found a shattered altar of Ashenzari.
  5352 | D:6      | Reached skill level 6 in Shields
  6047 | D:7      | Found a staircase to the Ecumenical Temple.
  6094 | Temple   | Entered the Ecumenical Temple
  6269 | Temple   | Became a worshipper of Makhleb the Destroyer
  6802 | D:7      | Reached XP level 9. HP: 65/81 MP: 10/10
  6962 | D:7      | Reached * piety under Makhleb
  7013 | D:7      | Noticed Prince Ribbit
  7028 | D:7      | Killed Prince Ribbit
  7152 | D:7      | Found a glowing silver altar of Zin.
  7198 | D:7      | Reached skill level 9 in Fighting
  7615 | D:8      | Reached skill level 9 in Axes
  7646 | D:8      | Reached skill level 9 in Shields
  7648 | D:8      | Found a blossoming altar of Fedhas.
  7657 | D:8      | Found an ancient bone altar of Kikubaaqudgha.
  7869 | D:8      | Noticed a two-headed ogre
  7889 | D:8      | Killed a two-headed ogre
  7889 | D:8      | Reached XP level 10. HP: 56/93 MP: 11/11
  8170 | D:9      | Found a basalt altar of Yredelemnul.
  8523 | D:9      | Noticed a two-headed ogre
  8537 | D:9      | Killed a two-headed ogre
  8620 | D:9      | Reached ** piety under Makhleb
  8652 | D:9      | Reached skill level 1 in Invocations
  8829 | D:9      | Reached skill level 3 in Invocations
  9038 | D:10     | Entered Level 10 of the Dungeon
  9106 | D:9      | Reached skill level 3 in Dodging
  9533 | D:10     | Reached skill level 3 in Armour
  9540 | D:10     | Reached XP level 11. HP: 81/102 MP: 13/13
  9614 | D:10     | Reached *** piety under Makhleb
  9674 | D:10     | Found Zat Uffoguith's Antique Weapon Emporium.
 10066 | D:11     | Noticed a two-headed ogre
 10068 | D:11     | Noticed a brown ugly thing
 10070 | D:11     | Killed a two-headed ogre
 10097 | D:10     | Killed a brown ugly thing
 10422 | D:11     | Killed an unseen horror
 10706 | D:11     | Reached **** piety under Makhleb
 10794 | D:11     | Found a frozen archway.
 10938 | D:11     | Noticed a centaur warrior
 10950 | D:11     | Killed a centaur warrior
 10950 | D:11     | Reached skill level 6 in Armour
 10983 | D:11     | Reached skill level 6 in Dodging
 11233 | D:11     | Found a staircase to the Lair.
 11245 | D:11     | Found a staircase to the Orcish Mines.
 11253 | D:11     | Found a roughly hewn altar of Beogh.
 11351 | Lair:1   | Entered Level 1 of the Lair of Beasts
 11368 | Lair:1   | Reached skill level 12 in Fighting
 11546 | Lair:1   | Reached XP level 12. HP: 93/112 MP: 14/14
 11635 | Lair:1   | Reached skill level 12 in Axes
 11655 | Lair:1   | Reached ***** piety under Makhleb
 11674 | Lair:1   | Noticed Gastronok
 11688 | Lair:1   | Killed Gastronok
 11688 | Lair:1   | Reached skill level 12 in Shields
 13541 | D:10     | Bought a broad axe for 136 gold pieces
 13657 | Lair:3   | Noticed an eight-headed hydra
 13674 | Lair:3   | Killed a ten-headed hydra
 14277 | Lair:3   | Noticed a four-headed hydra
 14288 | Lair:3   | Killed a four-headed hydra
 14690 | Lair:4   | Reached XP level 13. HP: 98/122 MP: 15/15
 14710 | Lair:4   | Found a staircase to the Swamp.
 15272 | Lair:4   | Found a hole to the Spider Nest.
 15297 | Lair:4   | Reached skill level 9 in Armour
 16240 | Lair:5   | Found a staircase to the Slime Pits.
 16866 | Lair:5   | Reached skill level 9 in Dodging
 17374 | Lair:6   | Entered Level 6 of the Lair of Beasts
 17417 | Lair:6   | Reached skill level 6 in Invocations
 17602 | Lair:6   | Reached XP level 14. HP: 61/130 MP: 17/17
 18177 | Lair:6   | Reached ****** piety under Makhleb
 19095 | D:12     | Noticed Psyche
 19103 | D:12     | Killed Psyche
 19272 | D:12     | Found a labyrinth entrance.
 19290 | D:12     | Found a blossoming altar of Fedhas.
 19517 | D:12     | Noticed Rupert
 20012 | D:12     | Killed Rupert
 20160 | D:12     | Found a blossoming altar of Fedhas.
 20680 | D:13     | Found a gate to the Vaults.
 20680 | D:13     | Noticed Urug
 20680 | D:13     | Noticed Nessos
 20961 | D:13     | Killed Urug
 20964 | D:13     | Killed Nessos
 21153 | D:13     | Reached XP level 15. HP: 139/139 MP: 7/19
 21725 | D:14     | Reached skill level 15 in Fighting
 22384 | D:15     | Entered Level 15 of the Dungeon
 22398 | D:15     | Noticed Agnes
 22399 | D:15     | Reached skill level 15 in Axes
 22406 | D:15     | Noticed sankara's ghost (adept MfSk)
 22418 | D:15     | HP: 5/141 [Agnes/lajatang of electrocution (13)]
 22426 | D:15     | Slain by an earth elemental

Vault maps used:
D:1:      dpeg_arrival_solitude
D:2:      grunt_gozag_breadcrumbs, lemuel_doored_altar, first_ration,
          kennysheep_generic_room_9, uniq_robin
D:3:      lemuel_round_altar
D:4:      lemuel_round_altar, uniq_sigmund
D:5:      grunt_dithmenos_smoke_and_mirrors, lemuel_round_altar
D:6:      kennysheep_mini_moat, hangedman_ru_absence, lightli_minifort
D:7:      zin_treasury, minmay_temple_entry_statues_pillars,
          nicolae_ossuary_entry_catacombs, uniq_prince_ribbit1
D:8:      kiku_gazebo_garden_becter, the_bakery, minmay_misc_feat_hallway,
          fedhas_altar_1
D:9:      yredelemnul_altar_generic
D:10:     serial_shops, nicolae_shop_behind_doors
D:11:     grunt_lair_entry_orc_guard_hut, minmay_orc_entry_temple_small,
          portal_ice_cave_demonic_guard
D:12:     basic_altar, lab_entry_generic, fountainhead, uniq_psyche, uniq_rupert
D:13:     david_vaults_3
D:14:     abandoned_shop, serial_bayou_pond_b
D:15:     grunt_enter_depths_snipers, minmay_misc_feat_iff, uniq_kirke,
          uniq_agnes
Temple:   grunt_temple_mini_profane
Lair:1:   wad_woods_minihive, serial_bayou_shore_a, lemuel_fruit_fields,
          uniq_gastronok
Lair:2:   serial_bayou_pond_e
Lair:4:   swamp_mist_pool, spider_nest_entry_funnel_web
Lair:5:   lemuel_reptile_caves, slime_dummy, bh_autumn_forest_stairs,
          st_stairs_5
Lair:6:   guppyfry_lair_end_dragon, hangedman_lair_tendril_chambers,
          special_room

Skill      XL: |  1  2  3  4  5  6  7  8  9 10 11 12 13 14 15 |
---------------+----------------------------------------------+-----
Fighting       | 1 2 3 4 5 6 8 10 11 12 13 14 15 | 15.1
Armour         | 1 3 6 8 9 11 | 11.8
Axes           | 1 2 3 4 5 7 9 10 11 12 13 14 15 | 15.0
Shields        | 1 2 3 4 5 7 9 10 11 12 13 14 | 14.9
Invocations    | 4 6 7 |  7.1
Dodging        | 3 6 8 9 10 11 | 11.2
Stealth        | |  1.5
Spellcasting   | |  1.3
Summonings     | |  2.9

Action                   |  1- 3 |  4- 6 |  7- 9 | 10-12 | 13-15 || total
-------------------------+-------+-------+-------+-------+-------++-------
Melee: Unarmed           |    30 |       |       |       |       ||    30
       Headbutt          |    21 |    26 |    89 |   124 |   226 ||   486
       Dagger            |    29 |       |       |       |       ||    29
       Hand axe          |    78 |   219 |   501 |   747 |  1103 ||  2648
 Cast: Summon Small Mamm |     1 |       |       |       |       ||     1
Invok: Minor Destruction |       |       |       |    43 |    81 ||   124
       Lesser Servant of |       |       |       |     5 |    21 ||    26
Evoke: Wand              |       |       |     7 |     5 |     4 ||    16
  Use: Scroll            |       |     2 |    11 |    12 |     6 ||    31
       Potion            |       |     3 |     1 |     2 |     1 ||     7
 Stab: Invisible         |       |       |     2 |       |       ||     2
       Distracted        |       |       |       |       |     1 ||     1
  Eat: Chunk             |     3 |     7 |    10 |    22 |    27 ||    69
       Ration            |       |       |     1 |       |       ||     1
Armor: Robe              |    13 |       |       |       |       ||    13
       Scale mail        |    77 |    26 |       |       |       ||   103
       Chain mail        |       |   104 |   237 |   319 |   128 ||   788
       Skin              |       |    31 |       |       |       ||    31
       Plate armour      |       |       |       |       |   382 ||   382
Dodge: Dodged            |    76 |    21 |    48 |   125 |   257 ||   527
Block: Large shield      |    45 |   162 |   379 |   760 |  1214 ||  2560
       Reflection        |       |       |     4 |    17 |    35 ||    56

Table legend:
 A = Spawn XP
 B = Non-spawn XP
 C = Spawn XP percentage of total XP
 D = Spawn monster count
 E = Non-spawn monster count
 F = Spawn count percentage of total count
 G = Total turns spent on level
                    A         B        C        D         E        F      G
               +---------+---------+-------+---------+---------+-------+---------
         Total |       0 |  116981 |   0.0 |       0 |     730 |   0.0 | 22426
               +---------+---------+-------+---------+---------+-------+---------
           D:1 |       0 |      35 |   0.0 |       0 |      19 |   0.0 |  1250
           D:2 |       0 |      98 |   0.0 |       0 |      36 |   0.0 |  1120
           D:3 |       0 |      57 |   0.0 |       0 |      17 |   0.0 |   517
           D:4 |       0 |     551 |   0.0 |       0 |      16 |   0.0 |  1445
           D:5 |       0 |     641 |   0.0 |       0 |      21 |   0.0 |   898
           D:6 |       0 |     687 |   0.0 |       0 |      23 |   0.0 |  1072
           D:7 |       0 |    1930 |   0.0 |       0 |      37 |   0.0 |  1220
           D:8 |       0 |    2249 |   0.0 |       0 |      25 |   0.0 |   773
           D:9 |       0 |    3554 |   0.0 |       0 |      27 |   0.0 |   941
          D:10 |       0 |    2877 |   0.0 |       0 |      39 |   0.0 |   895
          D:11 |       0 |    8002 |   0.0 |       0 |      54 |   0.0 |  1181
          D:12 |       0 |   10812 |   0.0 |       0 |      46 |   0.0 |  1909
          D:13 |       0 |   15307 |   0.0 |       0 |      56 |   0.0 |   750
          D:14 |       0 |    6964 |   0.0 |       0 |      23 |   0.0 |   703
          D:15 |       0 |    2730 |   0.0 |       0 |       8 |   0.0 |    42
        Lair:1 |       0 |    7288 |   0.0 |       0 |      68 |   0.0 |  1383
        Lair:2 |       0 |    5856 |   0.0 |       0 |      26 |   0.0 |   851
        Lair:3 |       0 |    4029 |   0.0 |       0 |      10 |   0.0 |  1077
        Lair:4 |       0 |    9480 |   0.0 |       0 |      35 |   0.0 |  1262
        Lair:5 |       0 |    6165 |   0.0 |       0 |      48 |   0.0 |  1458
        Lair:6 |       0 |   27669 |   0.0 |       0 |      96 |   0.0 |  1490
               +---------+---------+-------+---------+---------+-------+---------
